cohdb
Replays
Latest Replays
All Replays
Popular Replays
Top Player Replays
Match Explorer
How It Works
Community
CoH3 Stats
Reddit
Sign in to upload your games and track your stats! →
Sign in with Steam
Match 45260252
Unlisted
Match 45260252
Overview
Messages
Build Orders
End
Engineer Squad
Engineer Squad
Selects Special Operations Battlegroup
Engineer Squad
Construct Weapon Support Center
Engineer Squad
Construct Medical Station
M1919 Machine Gun Team
Selects Raiding Flares
Infantry Support Center
Selects M29 Weasel with M1 Pack Howitzer
M29 Weasel with M1 Pack Howitzer
Survival Training
M3 Armored Personnel Carrier
Sniper
Sniper
.30 cal Machine Gun
Raiding Flares
Demolitions Package
Selects SSF Commando Squad
SSF Commando Squad
Construct Tank Depot
Selects Assault Operation
M4A1 Sherman Medium Tank
Selects P-47 Anti-Infantry Loiter
Selects UNKNOWN (2162291)
.30 cal Machine Gun
P-47 Anti-Infantry Loiter
.30 cal Machine Gun
Generick
Tirant
majintal excumuration
ValiantHawk
Sgt wiggumZ
BLACK.DRAGON
0
0
Comments
sign in to comment!
No comments posted yet!